 Dungeon Crawl Stone Soup version 0.20-a0-927-g1ae2c61 (webtiles) character file.

29 M4edhros the Sneak (level 3, -11/32 HPs)
             Began as a Naga Assassin on Mar 29, 2017.
             Mangled by an ogre
             ... wielding a +0 giant club
              (18 damage)
             ... on level 4 of the Dungeon.
             The game lasted 00:02:11 (1237 turns).

M4edhros the Sneak (Naga Assassin)                  Turns: 1237, Time: 00:02:12

Health: -11/32     AC:  8    Str: 13    XL:     3   Next: 16%
Magic:  3/3        EV:  5    Int: 11    God:
Gold:   25         SH:  0    Dex: 13    Spells: 2/2 levels left

rFire    . . .     SeeInvis +   b - +0 blowgun
rCold    . . .     Gourm    .   (no shield)
rNeg     . . .     Faith    .   j - +0 plate armour
rPois    +         Spirit   .   h - +1 hat
rElec    .         Reflect  .   d - +0 cloak
rCorr    .         Harm     .   (no gloves)
MR       .....                  (no barding)
Stlth    ..........             (no amulet)
Regen    0.1/turn               k - +4 ring of evasion
MPRegen  0.1/turn               (no ring)

@: very slow
A: see invisible, deformed body, poison resistance, slowness 2, slow metabolism
1, spit poison 1, AC +1
a: Spit Poison


You were on level 4 of the Dungeon.
You were not hungry.

You visited 1 branch of the dungeon, and saw 4 of its levels.

You collected 25 gold pieces.

Inventory:

Hand Weapons
 a - a +2 dagger
 b - a +0 blowgun (weapon)
Missiles
 e - 23 poisoned needles (quivered)
 p - 2 needles of confusion
Armour
 c - a +0 robe
 d - a +0 cloak (worn)
 h - a +1 hat (worn)
 j - a +0 plate armour (worn)
Jewellery
 k - a +4 ring of evasion (left hand)
Scrolls
 l - a scroll of immolation {unknown}
 m - 2 scrolls of identify
 o - a scroll of fog
 q - a scroll of remove curse {unknown}
 t - a scroll of magic mapping {unknown}
Potions
 n - a potion of cancellation {unknown}
Comestibles
 g - 3 bread rations
 r - a royal jelly
 s - 2 meat rations


   Skills:
 - Level 2.0 Fighting
 - Level 2.0 Short Blades
 - Level 1.7 Throwing
 - Level 0.7 Dodging
 + Level 7.4 Stealth


You had 2 spell levels left.
You didn't know any spells.

Dungeon Overview and Level Annotations

Branches:
Dungeon (4/15)
 Temple: D:4-7

Altars:

Annotations:
D:3 Robin


Innate Abilities, Weirdness & Mutations

You cannot wear boots.
Your serpentine skin is tough. (AC +1)
You have supernaturally acute eyesight. (SInv)
Armour fits poorly on your strangely shaped body.
Your system is resistant to poisons. (rPois)
You cover ground very slowly.
You have a slow metabolism.
You can spit poison.


Message History

Firing (i - inventory. (,) - cycle):
e - 26 poisoned needles (quivered)
Press: ? - help, Shift-Dir - straight line, f/p - hound
Aim: a hound (lightly wounded, confused)
You shoot a poisoned needle. The poisoned needle hits the hound.
The hound is poisoned.
The hound is lightly wounded.
Firing (i - inventory. (,) - cycle):
e - 25 poisoned needles (quivered)
Press: ? - help, Shift-Dir - straight line, f/p - hound
Aim: a hound (lightly wounded, poisoned, confused)
You shoot a poisoned needle. The poisoned needle hits the hound.
The hound looks even sicker.
The hound is lightly wounded.
Firing (i - inventory. (,) - cycle):
e - 24 poisoned needles (quivered)
Press: ? - help, Shift-Dir - straight line, f - ogre
Aim: an ogre, wielding a giant club (almost dead, poisoned)
You shoot a poisoned needle. The poisoned needle hits the ogre.
The ogre is almost dead.
The ogre hits you with a giant club!!
Ouch! That really hurt!
You die...

..# #............
..###......>.....
#.....)..........
##....(.........
#...(...........
#...(...........
##^..............
##..#.............
##@.###............
#(O## ##...........
##.(# #...........
#......## #...........
##..((..## ##.......)..
#........####..........
#(.........##......#...
#..................###.
.#..................###


You could see an ogre.

Vanquished Creatures
  A dart slug (D:1)
  An orc (D:4)
  2 ball pythons (D:1)
  3 bats
  4 giant cockroaches
  3 goblins
  4 hobgoblins
  3 frilled lizards
  A kobold (D:1)
  2 rats (D:1)
24 creatures vanquished.

Notes
Turn   | Place    | Note
-------+----------+-------------------------------------------
     0 | D:1      | M4edhros the Naga Assassin began the quest for the Orb.
     0 | D:1      | Reached XP level 1. HP: 19/19 MP: 1/1
    41 | D:1      | Reached skill level 6 in Stealth
   167 | D:1      | Reached XP level 2. HP: 19/26 MP: 2/2
   389 | D:1      | Reached skill level 7 in Stealth
   564 | D:2      | Reached XP level 3. HP: 13/32 MP: 3/3
   812 | D:3      | Noticed Robin
  1208 | D:4      | Noticed an ogre
  1237 | D:4      | Mangled by an ogre

Vault maps used:
D:1:      dpeg_arrival_signposts, minmay_misc_feat_room, serial_bayou_pond_c
D:2:      old_standard_altar
D:3:      zin_academy, grunt_ministairs_4, kennysheep_potato, uniq_robin
D:4:      mrwooster_statue_mirror

Skill      XL: |  1  2 |
---------------+-------+-----
Stealth        | 6 7 |  7.4
Fighting       | |  2.0
Short Blades   | |  2.0
Throwing       | |  1.7
Dodging        | |  0.7

Action                   || total
-------------------------++-------
Melee: Dagger            ||   114
       Blowgun           ||     1
 Fire: Blowgun           ||    17
 Abil: Spit Poison       ||     1
  Use: Potion            ||     4
       Scroll            ||     3
 Stab: Sleeping          ||     1
Armor: Robe              ||    12
       Plate armour      ||    87
Dodge: Dodged            ||    29
